 Dungeon Sprint DCSS version 0.19.0 (webtiles) character file.

5618 LORDOFBUTT the Imperceptible (level 10, 0/41 (46) HPs)
             Began as a Spriggan Enchanter on Nov 2, 2016.
             Was a High Priest of Dithmenos.
             Slain by a necrophage (4 damage)
             ... in the Dungeon (Sprint I: "Red Sonja").
             The game lasted 00:04:52 (1060 turns).

LORDOFBUTT the Imperceptible (Spriggan Enchanter)   Turns: 1060, Time: 00:04:53

HP:   0/41 (46)     AC:  3    Str:  4    XL:     10   Next: 45%
MP:   27/27         EV: 18    Int: 18    God:    Dithmenos [*****.]
Gold: 739           SH:  0    Dex: 19    Spells: 2 memorised, 31 levels left

rFire  . . .     SeeInvis +     a - +2 dagger (drain)
rCold  + . .     Gourm    .     k - +1 robe {rN+}
rNeg   + . .     Faith    .     (shield restricted)
rPois  .         Spirit   .     (helmet restricted)
rElec  .         Reflect  .     (no cloak)
rCorr  .         Harm     .     (gloves unavailable)
MR     +....     NoTele   +     (boots unavailable)
Stlth  ++++++++++               e - amulet of magic regeneration
                                (no ring)
                                m - ring of protection from cold

@: wreathed by umbra, very quick
A: unfitting armour, see invisible, herbivore 3, speed 3, slow metabolism 2
a: Shadow Step, Shadow Form, Renounce Religion


You were in the Dungeon.
You worshipped Dithmenos.
Dithmenos was extremely pleased with you.
You were not hungry.

You visited 1 branch You collected 739 gold pieces.

Inventory:

Hand Weapons
 a - a +2 dagger of draining (weapon)
 p - a +0 blowgun
Missiles
 r - 9 curare-tipped needles
Armour
 b - a +1 robe
 k - a +1 robe of positive energy (worn)
Jewellery
 e - an amulet of magic regeneration (around neck)
 m - a ring of protection from cold (left hand)
Wands
 n - a wand of acid (9/15)
Scrolls
 j - a scroll of blinking
Potions
 f - a potion of heal wounds
 g - a potion of haste
 h - 2 potions of magic
 i - a potion of berserk rage
 o - a potion of resistance
Books
 c - a book of Maledictions

   Spells                             Type                      Level
   a - Corona                         Hexes                        1
   b - Ensorcelled Hibernation        Hexes/Ice                    2
   c - Confuse                        Hexes                        3
   d - Tukima's Dance                 Hexes                        3
   e - Dazzling Spray                 Conjuration/Hexes            3
Comestibles
 d - a bread ration


   Skills:
 + Level 1.9 Fighting
 - Level 1.1 Short Blades
 - Level 3.0 Dodging
 + Level 21.8 Stealth
 + Level 12.9 Spellcasting
 + Level 16.3 Hexes
 + Level 6.7 Ice Magic


You had 31 spell levels left.
You knew the following spells:

 Your Spells              Type           Power        Failure   Level  Hunger
a - Corona                Hex            ######.      0%          1    None
b - Ensorcelled Hibernat  Hex/Ice        ######       1%          2    None


Dungeon Overview and Level Annotations

Branches:
Dungeon (1/1)

Altars:
Cheibriados
Dithmenos
Elyvilon
Fedhas
Gozag
Hepliaklqana
Kikubaaqudgha
Makhleb
Nemelex Xobeh
Okawaru
Qazlal
Ru
Sif Muna
Trog
Uskayaw
Vehumet
Xom
Yredelemnul
Zin
The Shining One
Jiyva
Lugonu

Shops:
D }


Innate Abilities, Weirdness & Mutations

You are very small and have problems with some larger weapons.
You are too small for most types of armour.
You have supernaturally acute eyesight. (SInv)
You are a herbivore.
You cover ground extremely quickly.
You need consume almost no food.


Message History

You hit the necrophage.
The necrophage is severely damaged.
The necrophage completely misses you.
You barely miss the necrophage.
The necrophage is severely damaged.
The necrophage hits you.
* * * LOW HITPOINT WARNING * * *
You hit the necrophage.
The necrophage is severely damaged.
The necrophage barely misses you.
You closely miss the necrophage.
The necrophage is severely damaged.
The necrophage hits you!
* * * LOW HITPOINT WARNING * * *
You hit the necrophage.
The necrophage is almost destroyed.
You hit the necrophage but do no damage.
The necrophage is almost destroyed.
The necrophage hits you.
You die...

_###'#%# #.'.#
####.### ###.#
..'...+ #.#
###.).###########.#
##.###.......##§#
#+# #........§§#
#'''######§#
#....§§nn#§#
######...n.§§#@§#
#?()$...nn§.§####
#[}[.....§.§≈#
##......n≈≈≈##
###..≈≈≈≈###
+######+


You could see 2 necrophages.

Vanquished Creatures
  2 centaur warriors (D)
  Sonja (D)
  2 unseen horrors (D)
  An oklob plant (D)
  2 kobold demonologists (D)
  A hornet (D)
  A slime creature (D)
  2 redbacks (D)
  Sigmund (D)
  A yak (D)
  2 floating eyes (D)
  An ogre (D)
  4 necrophages (D)
  8 jellies (D)
  Ijyb (D)
30 creatures vanquished.

Vanquished Creatures (others)
  A gargoyle (D)
1 creature vanquished.

Grand Total: 31 creatures vanquished

Notes
Turn   | Place    | Note
-------+----------+-------------------------------------------
     0 | D        | LORDOFBUTT the Spriggan Enchanter began the quest for the Orb.
     0 | D        | Reached XP level 1. HP: 9/9 MP: 5/5
     1 | D        | Noticed Ijyb
     7 | D        | Killed Ijyb
     7 | D        | Reached skill level 7 in Stealth
     7 | D        | Reached skill level 5 in Hexes
     7 | D        | Reached XP level 2. HP: 13/13 MP: 5/7
    12 | D        | Learned a level 2 spell: Ensorcelled Hibernation
    12 | D        | Noticed an ogre
    19 | D        | Killed an ogre
    19 | D        | Reached skill level 9 in Stealth
    19 | D        | Reached skill level 5 in Spellcasting
    19 | D        | Reached XP level 3. HP: 9/16 MP: 4/10
    19 | D        | Reached XP level 4. HP: 12/21 MP: 4/12
   144 | D        | Noticed Sigmund
   149 | D        | Killed Sigmund
   149 | D        | Reached skill level 12 in Stealth
   149 | D        | Reached skill level 10 in Hexes
   149 | D        | Reached XP level 5. HP: 24/24 MP: 11/15
   149 | D        | Reached XP level 6. HP: 28/28 MP: 11/16
   188 | D        | Found a deep blue altar of Sif Muna.
   190 | D        | Found a radiant altar of Vehumet.
   383 | D        | Found Kidaogo's Gadget Emporium.
   383 | D        | Found an ancient bone altar of Kikubaaqudgha.
   383 | D        | Found a hazy altar of Hepliaklqana.
   383 | D        | Found a stormy altar of Qazlal.
   383 | D        | Found a hide-covered altar of Uskayaw.
   383 | D        | Found a blossoming altar of Fedhas.
   383 | D        | Found a bloodstained altar of Trog.
   383 | D        | Found an iron altar of Okawaru.
   383 | D        | Found a basalt altar of Yredelemnul.
   383 | D        | Found a glowing golden altar of the Shining One.
   383 | D        | Found a snail-covered altar of Cheibriados.
   383 | D        | Found a sacrificial altar of Ru.
   383 | D        | Found a glowing silver altar of Zin.
   383 | D        | Found a shadowy altar of Dithmenos.
   383 | D        | Found a white marble altar of Elyvilon.
   383 | D        | Noticed a yak
   384 | D        | Found an opulent altar of Gozag.
   387 | D        | Killed a yak
   387 | D        | Reached skill level 13 in Stealth
   387 | D        | Reached skill level 1 in Ice Magic
   388 | D        | Found a sparkling altar of Nemelex Xobeh.
   467 | D        | Became a worshipper of Dithmenos the Shadowed
   503 | D        | Noticed Sonja
   507 | D        | Killed Sonja
   507 | D        | Reached skill level 15 in Stealth
   507 | D        | Reached XP level 7. HP: 32/32 MP: 17/20
   507 | D        | Reached XP level 8. HP: 36/36 MP: 18/22
   543 | D        | Found a burning altar of Makhleb.
   543 | D        | Found a viscous altar of Jiyva.
   543 | D        | Found a shimmering altar of Xom.
   543 | D        | Found a corrupted altar of Lugonu.
   543 | D        | Noticed a slime creature
   548 | D        | Killed a slime creature
   548 | D        | Reached skill level 16 in Stealth
   592 | D        | Noticed a kobold demonologist
   593 | D        | Noticed an ice devil
   593 | D        | Noticed a kobold demonologist
   604 | D        | Paralysed by a floating eye for 3 turns
   605 | D        | Noticed an orange demon
   608 | D        | Noticed a smoke demon
   608 | D        | Reached * piety under Dithmenos
   610 | D        | Killed a kobold demonologist
   610 | D        | Reached skill level 17 in Stealth
   610 | D        | Reached skill level 10 in Spellcasting
   612 | D        | Killed a kobold demonologist
   743 | D        | Noticed a demonic crawler
   743 | D        | Noticed a demonic crawler
   743 | D        | Noticed a demonic crawler
   743 | D        | Noticed a demonic crawler
   764 | D        | Noticed a centaur warrior
   764 | D        | Noticed a centaur warrior
   768 | D        | Killed a centaur warrior
   768 | D        | Reached ** piety under Dithmenos
   768 | D        | Reached skill level 1 in Fighting
   768 | D        | Reached skill level 18 in Stealth
   768 | D        | Reached skill level 15 in Hexes
   768 | D        | Reached XP level 9. HP: 41/41 MP: 23/25
   769 | D        | Killed a centaur warrior
   769 | D        | Reached skill level 19 in Stealth
   769 | D        | Reached skill level 5 in Ice Magic
   791 | D        | Noticed an oklob plant
   793 | D        | Killed an oklob plant
   793 | D        | Reached *** piety under Dithmenos
   803 | D        | Reached skill level 20 in Stealth
   806 | D        | Reached XP level 10. HP: 46/46 MP: 27/27
   819 | D        | Noticed an unseen horror
   819 | D        | Noticed an unseen horror
   823 | D        | Killed an unseen horror
   826 | D        | Killed an unseen horror
   826 | D        | Reached **** piety under Dithmenos
   826 | D        | Reached skill level 21 in Stealth
   836 | D        | Reached ***** piety under Dithmenos
   933 | D        | Killed a gargoyle
  1060 | D        | Slain by a necrophage

Skill      XL: |  1  2  3  4  5  6  7  8  9 10 |
---------------+-------------------------------+-----
Stealth        | 7 9 12 15 18 20 21 | 21.8
Spellcasting   | 3 5 6 9 11 12 | 12.9
Hexes          | 5 8 10 13 15 16 | 16.3
Ice Magic      | 2 4 5 6 |  6.7
Fighting       | 1 |  1.9
Short Blades   | |  1.1
Dodging        | |  3.0

Action                   |  1- 3 |  4- 6 |  7- 9 | 10-12 || total
-------------------------+-------+-------+-------+-------++-------
Melee: Dagger            |     9 |     7 |    11 |   106 ||   133
 Cast: Ensorcelled Hiber |     1 |     6 |     8 |     7 ||    22
  Use: Scroll            |       |       |     1 |       ||     1
       Potion            |       |       |     1 |       ||     1
 Stab: Sleeping          |     2 |     4 |    10 |    10 ||    26
       Distracted        |       |       |       |     1 ||     1
Armor: Robe              |       |       |       |     8 ||     8
Dodge: Dodged            |     4 |     5 |     3 |    71 ||    83
